 Dungeon Crawl Stone Soup version 0.32-a0-656-g3542139ebd (webtiles) character file.

Game seed: 9455576506520884133

63 Fodor the Trooper (level 3, -3/33 HPs)
             Began as a Minotaur Fighter on Mar 9, 2024.
             Incinerated by a bombardier beetle (9 damage)
             ... with a burning spray
             ... on level 3 of the Dungeon.
             The game lasted 00:06:45 (1711 turns).

Fodor the Trooper (Minotaur Fighter)                Turns: 1711, Time: 00:06:46

Health: -3/33      AC:  7    Str: 22    XL:     3   Next: 87%
Magic:  2/2        EV:  9    Int:  5    God:
Gold:   83         SH:  0    Dex:  9    Spells: 2/2 levels left

rFire   . . .        q - +1 morningstar "Undertaker" {vamp, rElec rPois rN+}
rCold   . . .        (no shield)
rNeg    + . .        b - +0 scale mail
rPois   +            (helmet restricted)
rElec   +            (no cloak)
rCorr   .            (no gloves)
SInv    .            (no boots)
Will    .....        (no amulet) Stlth
                     (no ring)
HPRegen 0.25/turn    (no ring)
MPRegen 0.08/turn

%: no passive effects
@: lethally poisoned (-3 -> -5), on fire, glowing
A: horns 2, retaliatory headbutt
a: no special abilities


You were on level 3 of the Dungeon.
You visited 1 branch of the dungeon, and saw 3 of its levels.

You collected 83 gold pieces.

Inventory:

Hand Weapons
 a - a +0 war axe
 f - a +0 sling
 k - the +4 whip of the Dead {protect, rElec Dex-3 SInv}
   (You found it on level 2 of the Dungeon)

   Dex-3:     It affects your dexterity (-3).
   rElec:     It insulates you from electricity.
   SInv:      It lets you see invisible.
 q - the +1 morningstar "Undertaker" (weapon) {vamp, rElec rPois rN+}
   (You found it on level 3 of the Dungeon)

   rElec:     It insulates you from electricity.
   rPois:     It protects you from poison.
   rN+:       It protects you from negative energy.
Armour
 b - a +0 scale mail (worn)
 c - a +0 buckler
Scrolls
 g - a scroll of poison {unknown}
 h - a scroll of teleportation
 j - a scroll of acquirement {unknown}
 l - a scroll of vulnerability {unknown}
 m - a scroll of immolation
 n - 3 scrolls of blinking
 p - a scroll of enchant weapon
Potions
 d - 2 potions of might
 i - 2 potions of heal wounds
 o - a potion of berserk rage


   Skills:
 + Level 4.1 Fighting
 + Level 2.5 Axes
 + Level 2.6 Ranged Weapons
 + Level 4.1 Armour
 + Level 0.1 Dodging
 + Level 3.8 Shields


You had 2 spell levels left.
You didn't know any spells.
Your spell library contained the following spells:

 Spells                   Type           Power      Damage    Failure   Level
 Mercury Vapours          Alch/Air       0%         N/A       90%         2
 Mephitic Cloud           Conj/Alch/Air  0%         N/A       99%         3
 Freezing Cloud           Conj/Ice/Air   0%         6-21      100%        5


Dungeon Overview and Level Annotations

Branches:
Dungeon (3/15)

Altars:


Innate Abilities, Weirdness & Mutations

You have a pair of horns on your head.
You reflexively headbutt those who attack you in melee.


Message History

The bat moves out of view.
Found 5 stones.
The bat hits you but does no damage. x2
A hobgoblin comes into view.
There is an open door here.
You puncture the bat!
You kill the bat!
A kobold and a bombardier beetle come into view.
The kobold is wielding a +0 short sword and quivering poisoned darts.
A hobgoblin comes into view.
The hobgoblin shouts!
The hobgoblin attacks as it pursues you!
The hobgoblin hits you but does no damage.
There is an open door here.
You hit the hobgoblin but do no damage.
The hobgoblin hits you but does no damage.
You sock the hobgoblin!
You kill the hobgoblin!
The kobold throws a poisoned dart.
The poisoned dart hits you!
You are poisoned.
The bombardier beetle sprays incendiary fluid at you.
The burning spray hits you.
You are covered in liquid fire!
You shake off some of the fire as you move.
The liquid fire burns you!
You feel sick.
You hit the kobold but do no damage. Your headbutt misses the kobold.
The liquid fire burns you!
You feel sick. The kobold hits you but does no damage.
The hobgoblin hits you but does no damage.
The kobold hits you with a +0 short sword.
The hobgoblin hits you.
You barely miss the kobold. The liquid fire burns you!
You feel sick.
The kobold hits you with a +0 short sword.
* * * LOW HITPOINT WARNING * * *
The hobgoblin hits you but does no damage.
You closely miss the kobold. The liquid fire burns you!
You die...

#.# ##.# #. #.#
##.# ###..####
#.......+
##....####
.###...### .
#.....#'######...
######..@K.......
#..gB.(.....
#...........
#...........
#...........
+...........
#...........
#...........
#...........


You could see a bombardier beetle, a hobgoblin and a kobold.

Vanquished Creatures
  3 ribbon worms (D:2)
  4 bats
  4 endoplasms
  2 giant cockroaches (D:2)
  3 goblins
  5 hobgoblins
  8 jackals
  3 kobolds
  5 quokkas
  3 ball pythons
  4 frilled lizards
  5 rats
49 creatures vanquished.

Notes
Turn   | Place    | Note
-------+----------+-------------------------------------------
     0 | D:1      | Fodor the Minotaur Fighter began the quest for the Orb.
     0 | D:1      | Reached XP level 1. HP: 19/19 MP: 0/0
   184 | D:1      | Reached XP level 2. HP: 23/27 MP: 1/1
   366 | D:1      | Reached skill level 1 in Ranged Weapons
   787 | D:2      | Reached XP level 3. HP: 10/33 MP: 2/2
  1004 | D:2      | Identified the +4 whip of the Dead {protect, rElec Dex-3
                  | SInv}
  1646 | D:3      | Identified the +1 morningstar "Undertaker" {vamp, rElec
                  | rPois rN+}
  1711 | D:3      | Incinerated by a bombardier beetle

Illustrated notes

Levels and vault maps discovered:
D:1:      dpeg_arrival_castle, layout_loops_ring
D:2:      layout_basic
D:3:      cheibrodos_greedy_goblins, layout_basic

Skill      XL: |  1  2  3 |
---------------+----------+-----
Fighting       | 4 |  4.1
Ranged Weapons | 1 2 |  2.6
Armour         | 4 |  4.1
Axes           | |  2.5
Dodging        | |  0.1
Shields        | |  3.8

Action                     || total
---------------------------++-------
  Melee: War axe           ||    21
         Headbutt          ||    11
         Whip              ||    47
         Morningstar       ||     8
   Fire: Sling             ||   105
    Use: Scroll            ||     6
 Armour: Scale mail        ||   145
  Dodge: Dodged            ||    67
  Block: Buckler           ||    32

Table legend: (Time is in decaauts)
 A = Elapsed time spent in this place.
 B = Non-inter-level travel time spent in this place.
 C = Inter-level travel time spent in this place.
 D = Time resting spent in this place.
 E = Time spent auto-exploring this place.
 F = Levels seen in this place.
 G = Mean time per level.
                   A        B        C        D        E       F      G
               +--------+--------+--------+--------+--------+-----+--------+
         Total |   1780 |   1760 |     20 |      0 |   1247 |   3 |  593.3 |
       Dungeon |   1780 |   1760 |     20 |      0 |   1247 |   3 |  593.3 |
               +--------+--------+--------+--------+--------+-----+--------+

Top non-repeatable levels by time:
     D:2: 862 daAuts
     D:1: 826 daAuts
     D:3: 91 daAuts
